 Dungeon Crawl Stone Soup version 0.28-a0-514-g0d7ab7f379 (webtiles) character file.

Game seed: 2829644018239494344

11 TrogsFancyHat the Digger (level 2, -1/19 HPs)
             Began as a Formicid Earth Elementalist on Sept 22, 2021.
             Slain by a jackal (2 damage)
             ... on level 1 of the Dungeon.
             The game lasted 00:03:09 (568 turns).

TrogsFancyHat the Digger (FoEE)                      Turns: 568, Time: 00:03:10

Health: -1/19      AC:  2    Str: 12    XL:     2   Next: 40%
Magic:  3/5        EV: 12    Int: 14    God:
Gold:   0          SH:  0    Dex: 11    Spells: 5/6 levels left

rFire   . . .      SeeInvis +   d - +0 club
rCold   . . .      Faith    .   (no shield)
rNeg    . . .      Spirit   .   b - +0 robe
rPois   +          Reflect  .   (helmet unavailable)
rElec   .          Harm     .   (no cloak)
rCorr   .          Rampage  .   (no gloves)
Will    .....                   (no boots)
Stlth   ++........              (no amulet)
HPRegen 0.06/turn               g - ring of poison resistance
MPRegen 0.09/turn               (no ring)

@: very slightly contaminated
A: permanent stasis, dig shafts and tunnels, antennae 3, four strong arms
a: Dig, Shaft Self


You were on level 1 of the Dungeon.
You visited 1 branch of the dungeon, and saw 1 of its levels.

Inventory:

Hand Weapons
 d - a +0 club (weapon)
Missiles
 c - 35 stones
 f - 8 silver boomerangs
Armour
 b - a +0 robe (worn)
Jewellery
 g - a ring of poison resistance (left hand)
Scrolls
 a - a scroll of teleportation {unknown}
 e - a scroll of enchant weapon {unknown}


   Skills:
 - Level 1.7 Dodging
 - Level 2.4 Stealth
 + Level 2.6 Spellcasting
 - Level 1.1 Transmutations
 + Level 4.1 Earth Magic


You had 5 spell levels left.
You knew the following spells:

 Your Spells              Type           Power      Damage    Failure   Level
a - Sandblast             Erth           26%        2d8       4%          1

Your spell library contained the following spells:

 Spells                   Type           Power      Damage    Failure   Level
 Passwall                 Tmut/Erth      7%         N/A       12%         2
 Stone Arrow              Conj/Erth      14%        3d7       28%         3
 Petrify                  Tmut/Erth      9%         N/A       58%         4


Dungeon Overview and Level Annotations

Branches:
Dungeon (1/15)

Altars:


Innate Abilities, Weirdness & Mutations

You cannot be hasted, slowed, berserked, paralysed or teleported.
You can dig through walls and to a lower floor.
You have a pair of large antennae on your head. (SInv)
Your four strong arms can wield two-handed weapons with a shield.


Message History

The ball python constricts you.
You escape the ball python's grasp.
The ball python bites you. The ball python grabs you.
The ball python constricts you.
You escape the ball python's grasp.
The ball python barely misses you. The ball python grabs you.
The ball python constricts you.
The jackal bites you but does no damage.
The ball python bites you.
You escape the ball python's grasp.
The jackal bites you but does no damage.
The jackal barely misses you.
Unknown command.
The jackal barely misses you. The ball python misses you.
The ball python barely misses you. The jackal bites you.
The jackal barely misses you. The jackal closely misses you.
The jackal bites you.
* * * LOW HITPOINT WARNING * * *
The jackal bites you.
* * * LOW HITPOINT WARNING * * *
The jackal completely misses you. The jackal barely misses you.
The ball python closely misses you. The ball python barely misses you.
Unknown command.
Casting: Sandblast (safe; 4% risk of failure)
Confirm with . or Enter, or press ? or * to list all spells.
Aiming: Sandblast (safe; 4% risk of failure)
Press: ? - help, Shift-Dir - straight line, f - ball python
Aim: a ball python (77% to hit)
The blast of sand hits the ball python!
You kill the ball python!
Casting: Sandblast (safe; 4% risk of failure)
Confirm with . or Enter, or press ? or * to list all spells.
Aiming: Sandblast (safe; 4% risk of failure)
Press: ? - help, Shift-Dir - straight line, f - jackal
Aim: a jackal (74% to hit)
You miscast Sandblast.
You are very lightly contaminated with residual magic.
Nothing appears to happen.
The jackal bites you.
You die...

.......### ########.........
.........#### ##..<..##......#..
............# #.......#.#.......
##..........# #.......#.#.......
............# #...§§§.#.#.......
............# #..§§§§.#.#.......
....$.......## #.≈≈§§≈.#.....###.
.............###.§≈$≈≈.##.....#..
....##.........#@≈≈>≈≈.##........
...#...........#h≈≈(≈≈.##........
...#...........#h≈≈≈≈≈.##........
...#......######Sh≈≈≈..##........
...#......# ##.B.....##........
...#......# ###.........###......
..........# #.............# #....
......#######.............#.#....
......#.............####..#......


You could see 3 jackals, a giant cockroach and a ball python.

Vanquished Creatures
  2 giant cockroaches (D:1)
  2 goblins (D:1)
  2 quokkas (D:1)
  2 ball pythons (D:1)
  A bat (D:1)
  A kobold (D:1)
  A rat (D:1)
11 creatures vanquished.

Notes
Turn   | Place    | Note
-------+----------+-------------------------------------------
     0 | D:1      | TrogsFancyHat the Formicid Earth Elementalist began the
                  | quest for the Orb.
     0 | D:1      | Reached XP level 1. HP: 13/13 MP: 3/3
   133 | D:1      | Reached XP level 2. HP: 9/19 MP: 1/5
   333 | D:1      | Reached skill level 4 in Earth Magic
   568 | D:1      | Slain by a jackal

Illustrated notes

Levels and vault maps discovered:
D:1:      lemuel_arrival_lava_pool, layout_basic, minmay_box_of_dots

Skill      XL: |  1  2 |
---------------+-------+-----
Earth Magic    | 4 |  4.1
Dodging        | |  1.7
Stealth        | |  2.4
Spellcasting   | |  2.6
Transmutations | |  1.1

Action                   || total
-------------------------++-------
Melee: Club              ||    16
 Cast: Sandblast         ||    11
Armor: Robe              ||     5
Dodge: Dodged            ||    37

Table legend: (Time is in decaauts)
 A = Elapsed time spent in this place.
 B = Non-inter-level travel time spent in this place.
 C = Inter-level travel time spent in this place.
 D = Time resting spent in this place.
 E = Time spent auto-exploring this place.
 F = Levels seen in this place.
 G = Mean time per level.
                   A        B        C        D        E       F      G
               +--------+--------+--------+--------+--------+-----+--------+
         Total |    571 |    571 |      0 |    127 |    275 |   1 |  571.0 |
       Dungeon |    571 |    571 |      0 |    127 |    275 |   1 |  571.0 |
               +--------+--------+--------+--------+--------+-----+--------+

Top non-repeatable levels by time:
     D:1: 571 daAuts
